 Dungeon Crawl Stone Soup version 0.29.1-4-g47bece8355 (webtiles) character file.

Game seed: 4290997163056539589

56 zeram the Sneak (level 3, -4/21 HPs)
             Began as an Octopode Enchanter on Dec 2, 2022.
             Slain by an orc priest
             ... wielding a +2 short sword of venom
              (8 damage)
             ... on level 3 of the Dungeon.
             The game lasted 00:02:54 (2516 turns).

zeram the Sneak (Octopode Enchanter)                Turns: 2516, Time: 00:02:54

Health: -4/21      AC:  1    Str:  7    XL:     3   Next: 97%
Magic:  6/6        EV: 13    Int: 19    God:
Gold:   59         SH:  0    Dex: 12    Spells: 2/6 levels left

rFire   . . .      SeeInvis .   a - +1 dagger
rCold   . . .      Faith    .   (no shield)
rNeg    . . .      Spirit   .   (helmet restricted)
rPois   .          Reflect  .   (no amulet)
rElec   .          Harm     .   (no ring)
rCorr   .          Rampage  .   (no ring)
Will    .....                   (no ring)
Stlth   ++++......              (no ring)
HPRegen 0.07/turn               (no ring)
MPRegen 0.10/turn               (no ring)
                                (no ring)
                                (no ring)

@: lethally poisoned (-4 -> -16)
A: almost no armour, amphibious, 8 rings, camouflage 1, gelatinous body 1,
(nimble swimmer 1), tentacles
a: no special abilities


You were on level 3 of the Dungeon.
You visited 1 branch of the dungeon, and saw 3 of its levels.

You collected 59 gold pieces.

Inventory:

Hand Weapons
 a - a +1 dagger (weapon)
Scrolls
 d - 2 scrolls of identify
 g - a scroll of poison
 j - a scroll of teleportation {unknown}
Potions
 b - 2 potions of invisibility
 c - 3 potions of brilliance
 e - a potion of flight
 f - a potion of mutation
 i - a potion of curing {unknown}


   Skills:
 + Level 1.1 Short Blades
 + Level 2.3 Dodging
 + Level 5.4 Stealth
 + Level 2.0 Spellcasting
 + Level 3.6 Hexes


You had 2 spell levels left.
You knew the following spells:

 Your Spells              Type           Power      Damage    Failure   Level
a - Ensorcelled Hibernat  Hex/Ice        16%        N/A       12%         2
b - Blink                 Tloc           2%         N/A       26%         2

Your spell library contained the following spells:

 Spells                   Type           Power      Damage    Failure   Level
 Necrotise                Necr           4%         1d4       17%         1
 Confusing Touch          Hex            15%        N/A       11%         3
 Tukima's Dance           Hex            15%        N/A       11%         3
 Dazzling Flash           Conj/Hex       16%        N/A       24%         3
 Lesser Beckoning         Tloc           1%         N/A       45%         3
 Vampiric Draining        Necr           1%         2d6       45%         3
 Agony                    Necr           1%         N/A       99%         5
 Manifold Assault         Tloc           1%         N/A       99%         5


Dungeon Overview and Level Annotations

Branches:
Dungeon (3/15)

Altars:
Fedhas


Innate Abilities, Weirdness & Mutations

You cannot wear most types of armour.
You are amphibious.
You can wear up to eight rings at the same time.
Your skin changes colour to match your surroundings (Stealth+).
Your rubbery body absorbs attacks. (AC +1, EV +1)
((You are camouflaged when in or above water. (Stealth+)))
You have tentacles for arms and can constrict up to eight enemies at once.


Message History

No target in view!
No target in view!
No target in view!
You see here 2 stones.
There is an open door here.
As you open the door, it creaks loudly!
There is an open door here.
You open the door.
There is an open door here.
An orc wizard and an orc priest come into view.
The orc priest is wielding a +2 short sword of venom.
There are monsters nearby!
There are monsters nearby!
There are monsters nearby!
There are monsters nearby!
An orc comes into view. It is wielding a +0 flail.
The orc wizard shouts!
An orc comes into view. It is wielding a +0 club.
The orc wizard gestures at you while chanting.
The puff of flame hits you!
Found a green potion.
The orc shouts! x2
The orc wizard mumbles some strange words.
The orc wizard flickers and vanishes!
Deactivating autopickup; reactivate with Ctrl-A.
You hit the orc priest. Your grab misses the orc priest.
Your tentacle-slap misses the orc priest.
The orc priest is lightly wounded.
The orc priest hits you with a +2 short sword of venom.
You are lethally poisoned!
You are too injured to fight recklessly!
You are too injured to fight recklessly!
You are too injured to fight recklessly!
Unknown command.
As you read the scroll of summoning, it crumbles to dust.
Wisps of shadow whirl around you...
* * * LOW HITPOINT WARNING * * *
You feel very sick.
The orc priest hits you with a +2 short sword of venom!
You die...

..........####.....#
#....####
#####.########'#####
####.....
#...........# ######
#...........#
#...........#
#...........#
#.......g..b#
#..........r#
#.........@o#
##.###+#..oo......
#. #..{....!..
#..........
...........
###.........
#......... ####
#......... #... #.##


You could see an orc priest, 2 orcs, a friendly hobgoblin (summoned), a friendly
bat (summoned) and a friendly rat (summoned).

Vanquished Creatures
  An adder (D:3)
  A worm (D:3)
  A dart slug (D:2)
  2 bats
  3 endoplasms
  2 giant cockroaches
  5 hobgoblins
  3 jackals (D:2)
  7 kobolds
  5 frilled lizards
  6 goblins
  3 rats
39 creatures vanquished.

Notes
Turn   | Place    | Note
-------+----------+-------------------------------------------
     0 | D:1      | zeram the Octopode Enchanter began the quest for the Orb.
     0 | D:1      | Reached XP level 1. HP: 11/11 MP: 3/3
     0 | D:1      | Noticed an orb of fire
     1 | D:1      | Noticed an ice dragon
     3 | D:1      | Noticed a tentacled monstrosity
     3 | D:1      | Noticed a shadow dragon
     6 | D:1      | Noticed a golden dragon
     7 | D:1      | Noticed a tentacled monstrosity
     8 | D:1      | Noticed an ice dragon
     9 | D:1      | Noticed an orb of fire
    11 | D:1      | Noticed a shadow dragon
    11 | D:1      | Noticed a tentacled monstrosity
    13 | D:1      | Noticed an orb of fire
    13 | D:1      | Noticed a red draconian
    15 | D:1      | Noticed a shadow dragon
    15 | D:1      | Noticed an iron dragon
    17 | D:1      | Noticed an orb of fire
    17 | D:1      | Noticed an iron dragon
    19 | D:1      | Noticed a shadow dragon
    21 | D:1      | Noticed a large abomination
   291 | D:1      | Reached XP level 2. HP: 7/17 MP: 5/5
   679 | D:1      | Learned a level 2 spell: Ensorcelled Hibernation
   682 | D:1      | Learned a level 2 spell: Blink
  1254 | D:2      | Found a blossoming altar of Fedhas.
  1303 | D:2      | Reached XP level 3. HP: 13/21 MP: 6/6
  1627 | D:2      | Found a faded altar of an unknown god.
  2026 | D:3      | Reached skill level 5 in Stealth
  2516 | D:3      | Slain by an orc priest

Illustrated notes

Levels and vault maps discovered:
D:1:      shiori_arrival_whats_in_store_for_you, layout_basic, solitary_fountain
D:2:      layout_loops_cross, ebering_ecumenical_altar_webs, basic_altar
D:3:      layout_basic

Skill      XL: |  1  2  3 |
---------------+----------+-----
Stealth        | 5 |  5.4
Short Blades   | |  1.1
Dodging        | |  2.3
Spellcasting   | |  2.0
Hexes          | |  3.6

Action                   || total
-------------------------++-------
Melee: Dagger            ||    72
       Constrict         ||    16
       Tentacles         ||    15
       Punch             ||     1
  Use: Scroll            ||     6
 Stab: Sleeping          ||    16
Armor: Skin              ||     3
Dodge: Dodged            ||    36
